 Dungeon Crawl Stone Soup version 0.27.1-16-g815e20cd7a (webtiles) character file.

Game seed: 12675454245870885882

594 pkoi the Insei (level 7, -9/57 HPs)
             Began as a Grey Draconian Monk on Nov 24, 2021.
             Mangled by Edmund (15 damage)
             ... on level 7 of the Dungeon.
             The game lasted 00:06:05 (4272 turns).

pkoi the Insei (Grey Draconian Monk)                Turns: 4272, Time: 00:06:05

Health: -9/57      AC: 14    Str: 11 (13) XL:     7   Next: 16%
Magic:  7/7        EV: 12    Int: 12 (13) God:
Gold:   230        SH:  0    Dex: 10 (13) Spells: 6/6 levels left

rFire    . . .     SeeInvis +   a - +0 mace (protect)
rCold    . . .     Faith    .   (no shield)
rNeg     . . .     Spirit   .   (armour unavailable)
rPois    .         Reflect  .   (helmet restricted)
rElec    .         Harm     .   k - +2 cloak
rCorr    .         Rampage  .   (no gloves)
Will     .....                  (no boots)
Stlth    ++........             (no amulet)
HPRegen  0.19/turn              e - ring of wizardry
MPRegen  0.10/turn              l - ring of see invisible

@: brilliant
A: AC +11, amphibious, unfitting armour, cold-blooded
a: no special abilities


You were on level 7 of the Dungeon.
You visited 1 branch of the dungeon, and saw 6 of its levels.

You collected 230 gold pieces.

Inventory:

Hand Weapons
 a - a +0 mace of protection (weapon)
 h - a +1 dagger of venom
Missiles
 f - 11 boomerangs (quivered)
Armour
 k - a +2 cloak (worn)
Jewellery
 e - a ring of wizardry (left hand)
 l - a ring of see invisible (right hand)
Scrolls
 b - 2 scrolls of magic mapping


   Skills:
 - Level 3.3 Fighting
 + Level 3.8 Dodging
 - Level 1.7 Stealth
 * Level 7.7 Unarmed Combat


You had 6 spell levels left.
You didn't know any spells.
Your spell library was empty.

Dungeon Overview and Level Annotations

Branches:
Dungeon (7/15)
 Temple: D:4-7

Altars:
Ashenzari
Sif Muna
Wu Jian

Shops:
D:3 !

Annotations:
D:4 2 transporters
D:7 1 transporter, Edmund


Innate Abilities, Weirdness & Mutations

Your dull iron-grey scales are very hard. (AC +11)
You are amphibious.
You cannot fit into any form of body armour.
You are cold-blooded and may be slowed by cold attacks.


Message History

Okay, then.
You feel better. Edmund hits you but does no damage.
You closely miss Edmund.
Edmund is heavily wounded.
You hit Edmund. You tail-slap Edmund, but do no damage.
Edmund is heavily wounded.
Edmund hits you with a +5 flail of protection.
* * * LOW HITPOINT WARNING * * *
You hit Edmund but do no damage. You tail-slap Edmund.
Edmund is heavily wounded.
Edmund hits you but does no damage.
You hit Edmund but do no damage.
Edmund is heavily wounded.
Edmund hits you with a +5 flail of protection.
* * * LOW HITPOINT WARNING * * *
You hit Edmund but do no damage.
Your tail-slap misses Edmund.
Edmund is heavily wounded.
Edmund says, "People accused me of being a cutpurse!"
Edmund misses you.
You aren't carrying any potions.
Your +1 dagger of venom begins to drip with poison!
h - a +1 dagger of venom (weapon)
You hit Edmund.
Edmund is heavily wounded.
Edmund hits you but does no damage.
You barely miss Edmund. You tail-slap Edmund, but do no damage.
Edmund is heavily wounded.
Edmund hits you but does no damage.
You hit Edmund but do no damage.
Edmund is poisoned.
Edmund is heavily wounded.
Edmund barely misses you.
You hit Edmund but do no damage.
Edmund looks as sick as possible!
Edmund is severely wounded.
Edmund hits you with a +5 flail of protection.
* * * LOW HITPOINT WARNING * * *
Your +1 dagger of venom stops dripping with poison.
Your +0 mace of protection hums with potential!
a - a +0 mace of protection (weapon)
Edmund hits you with a +5 flail of protection!
You die...

### #@# #@# #.#
##############.#
#..............#
#.##############
##.#####
#......#
#......#


You could see Edmund (extremely poisoned).

Vanquished Creatures
  A water moccasin (D:7)
  An ogre (D:4)
  A scorpion (D:3)
  A water moccasin skeleton (D:4)
  2 hounds (D:4)
  A jelly (D:6)
  A centaur skeleton (D:4)
  Jessica (D:2)
  An orc wizard (D:4)
  A killer bee zombie (D:7)
  An adder (D:2)
  2 adder skeletons (D:4)
  2 worms
  A dart slug (D:1)
  7 orcs
  7 ball pythons
  2 endoplasms
  3 giant cockroaches
  7 goblins
  5 hobgoblins
  7 jackals
  5 kobolds
  3 quokkas
  5 bats
  11 rats
79 creatures vanquished.

Vanquished Creatures (others)
  An orc wizard (D:4)
1 creature vanquished.

Grand Total: 80 creatures vanquished

Notes
Turn   | Place    | Note
-------+----------+-------------------------------------------
     0 | D:1      | pkoi the Draconian Monk began the quest for the Orb.
     0 | D:1      | Reached XP level 1. HP: 19/19 MP: 1/1
   290 | D:1      | Found a faded altar of an unknown god.
   338 | D:1      | Reached XP level 2. HP: 25/26 MP: 2/2
   919 | D:2      | Reached skill level 4 in Unarmed Combat
   986 | D:2      | Reached XP level 3. HP: 27/31 MP: 3/3
  1373 | D:2      | Noticed Jessica
  1379 | D:2      | Killed Jessica
  1380 | D:2      | Reached XP level 4. HP: 19/38 MP: 4/4
  1575 | D:2      | Reached skill level 5 in Unarmed Combat
  2310 | D:3      | Found Qeuckip's Distillery.
  2399 | D:3      | Found a broken altar of Ashenzari.
  2873 | D:4      | Noticed a scorpion
  2895 | D:3      | Killed a scorpion
  2896 | D:3      | Reached XP level 5. HP: 34/45 MP: 5/5
  2998 | D:4      | Reached skill level 6 in Unarmed Combat
  3104 | D:4      | Noticed a steam dragon
  3108 | D:4      | Found a transporter.
  3108 | D:4      | Found an ornate altar of the Wu Jian Council.
  3121 | D:4      | Found a transporter.
  3129 | D:4      | Noticed an ogre
  3151 | D:4      | Killed an ogre
  3152 | D:4      | Reached XP level 6. HP: 41/51 MP: 6/6
  3240 | D:4      | Found a shimmering blue altar of Sif Muna.
  3355 | D:4      | Reached skill level 7 in Unarmed Combat
  3723 | D:4      | You fall into a shaft and drop 3 floors!
  3770 | D:7      | Noticed a water moccasin
  3786 | D:7      | Killed a water moccasin
  3787 | D:7      | Your scales start taking on a dull iron-grey colour.
  3787 | D:7      | Reached XP level 7. HP: 25/57 MP: 7/7
  4110 | D:7      | Found a transporter.
  4201 | D:6      | Noticed Edmund
  4272 | D:7      | Mangled by Edmund

Illustrated notes

Levels and vault maps discovered:
D:1:      eino_arrival_cavern_e, layout_rooms, shapermc_ecumenical_altar_ellora
D:2:      layout_basic, uniq_jessica
D:3:      layout_basic, nicolae_ashenzari_skybound, serial_shops,
          nicolae_shop_waterfront
D:4:      minmay_clustersquares, layout_loops_ring, lemuel_doored_altar,
          gammafunk_temple_overflow_arena, mainiacjoe_overflow_surrounded_room
D:6:      layout_basic, serial_glass, glass_columns_b, glass_columns_a,
          uniq_edmund, uniq_prince_ribbit1, uniq_menkaure
D:7:      gammafunk_cloud_chamber, layout_basic, serial_shops, shop

Skill      XL: |  1  2  3  4  5  6 |
---------------+-------------------+-----
Unarmed Combat | 4 5 6 7 |  7.7
Dodging        | 3 |  3.8
Fighting       | |  3.3
Stealth        | |  1.7

Action                   |  1- 3 |  4- 6 |  7- 9 || total
-------------------------+-------+-------+-------++-------
Melee: Mace              |   117 |    82 |       ||   199
       Tailslap          |    16 |    21 |     6 ||    43
       Dagger            |       |    11 |     4 ||    15
       Punch             |       |     8 |       ||     8
       Unarmed           |       |   127 |    24 ||   151
Throw: Boomerang         |       |     2 |       ||     2
  Use: Scroll            |       |     6 |     1 ||     7
       Potion            |       |       |     5 ||     5
 Stab: Sleeping          |     5 |     4 |       ||     9
       Distracted        |       |     1 |       ||     1
Armor: Skin              |    54 |    78 |     9 ||   141
Dodge: Dodged            |   106 |   150 |    11 ||   267
